 Dungeon Crawl Stone Soup version 0.22-a0-422-g9628fc8 (webtiles) character file.

84 Mgcat the Magician (level 4, -4/24 HPs)
             Began as a Deep Elf Earth Elementalist on May 20, 2018.
             Slain by Robin
             ... wielding a +1 spear of venom
              (7 damage)
             ... on level 2 of the Dungeon.
             The game lasted 00:04:11 (1836 turns).

Mgcat the Magician (Deep Elf Earth Elementalist)    Turns: 1836, Time: 00:04:11

Health: -4/24      AC:  1    Str:  5    XL:     4   Next: 23%
Magic:  5/12       EV: 13    Int: 21    God:
Gold:   96         SH:  0    Dex: 15    Spells: 7/11 levels left

rFire    . . .     SeeInvis .   o - +0 dagger
rCold    . . .     Gourm    .   (no shield)
rNeg     . . .     Faith    .   c - +0 robe
rPois    .         Spirit   .   (no helmet)
rElec    .         Reflect  .   (no cloak)
rCorr    .         Harm     .   j - -2 pair of gloves (curse)
MR       .....                  (no boots)
Stlth    +++.......             (no amulet)
HPRegen  0.08/turn              (no ring)
MPRegen  0.13/turn              (no ring)

@: lethally poisoned (-4 -> -11)
A: no striking features
a: no special abilities


You were on level 2 of the Dungeon.
You were not hungry.

You visited 1 branch of the dungeon, and saw 2 of its levels.

You collected 96 gold pieces.

Inventory:

Hand Weapons
 o - a +0 dagger (weapon)
   (You took it off a goblin on level 2 of the Dungeon)
Missiles
 b - 6 stones (quivered)
Armour
 c - a +0 robe (worn)
 h - a +0 pair of gloves
   (You found it on level 1 of the Dungeon)
 j - a cursed -2 pair of gloves (worn)
   (You found it on level 1 of the Dungeon)
Scrolls
 a - a scroll of magic mapping {!r}
 f - 3 scrolls of teleportation
 k - a scroll of amnesia {unknown}
Potions
 e - a potion of heal wounds
 g - a potion of haste {unknown}
 i - a potion of magic {unknown}
 l - a potion of ambrosia {unknown}
 m - 2 potions of lignification {unknown}
 n - a potion of degeneration {unknown}
Comestibles
 d - 5 rations


   Skills:
 - Level 2.4 Dodging
 + Level 4.0 Stealth
 + Level 4.3 Spellcasting
   Level 1.1 Transmutations
 + Level 4.2 Earth Magic


You had 7 spell levels left.
You knew the following spells:

 Your Spells              Type           Power        Failure   Level  Hunger
a - Sandblast             Erth           ###...       1%          1    None
b - Stone Arrow           Conj/Erth      ##....       14%         3    ##.....

Your spell library contained the following spells:

 Spells                   Type           Power        Failure   Level  Hunger
 Passwall                 Tmut/Erth      ###.......   6%          2    #......
 Lee's Rapid Deconstruct  Erth           ###.......   50%         5    ######.
 Petrify                  Tmut/Erth      ###.....     36%         4    ####...


Dungeon Overview and Level Annotations

Branches:
Dungeon (2/15)

Altars:

Annotations:
D:2 Robin


Message History

You are feeling very hungry.
You closely miss the giant cockroach.
The giant cockroach is heavily wounded.
The giant cockroach closely misses you.
You hit the giant cockroach but do no damage.
The giant cockroach is heavily wounded.
The giant cockroach barely misses you.
Casting: Stone Arrow (safe; 16% risk of failure)
Confirm with . or Enter, or press ? or * to list all spells.
Aiming: Stone Arrow (safe; 16% risk of failure)
Press: ? - help, Shift-Dir - straight line, f - giant cockroach
Aim: a giant cockroach (heavily wounded, clinging)
The stone arrow hits the giant cockroach.
You kill the giant cockroach!
Unknown command.
You butcher the giant cockroach corpse.
p - a chunk of flesh {@w0} Eating a chunk of flesh {@w0}.
You eat the chunk of flesh {@w0}.
This raw flesh tastes terrible.
A goblin comes into view.
There are monsters nearby!
There are monsters nearby!
A hobgoblin comes into view. It is wielding a club.
The bat misses you.
You closely miss the bat.
The hobgoblin shouts!
You hear a shout!
The bat hits you but does no damage.
The goblin shouts!
Casting: Stone Arrow (safe; 16% risk of failure)
Confirm with . or Enter, or press ? or * to list all spells.
Aiming: Stone Arrow (safe; 16% risk of failure)
Press: ? - help, Shift-Dir - straight line, f - bat
Aim: a bat The stone arrow hits the bat.
You kill the bat!
Robin of the Strong Arm comes into view.
She is wielding a spear of venom.
Robin shouts!
A goblin comes into view. It is wielding a dagger.
Robin throws the goblin at you! The goblin barely misses you.
The goblin hits you with a dagger. The goblin misses you.
You closely miss the goblin. The goblin misses you.
You barely miss the goblin. The goblin hits you with a dagger.
You miss the goblin. The goblin barely misses you.
You hit the goblin.
The goblin is heavily wounded.
The goblin hits you with a dagger.
Robin roars a battlecry!
The goblins go into a battle-frenzy!
Casting: Stone Arrow (safe; 16% risk of failure)
Confirm with . or Enter, or press ? or * to list all spells.
Aiming: Sandblast (safe; 1% risk of failure)
Press: ? - help, Shift-Dir - straight line, f - goblin
Aim: a goblin, wielding a dagger (heavily wounded, unusually strong)
The blast of sand hits the goblin.
You kill the goblin!
b - 10 stones
Casting: Sandblast (safe; 1% risk of failure)
Confirm with . or Enter, or press ? or * to list all spells.
Aiming: Sandblast (safe; 1% risk of failure)
Press: ? - help, Shift-Dir - straight line, f - goblin
Aim: a goblin (unusually strong)
The blast of sand hits the goblin.
You kill the goblin!
b - 9 stones Robin hits you from afar with a spear of venom.
Casting: Sandblast (safe; 1% risk of failure)
Confirm with . or Enter, or press ? or * to list all spells.
Aiming: Sandblast (safe; 1% risk of failure)
Press: ? - help, Shift-Dir - straight line, f - hobgoblin
Aim: a hobgoblin, wielding a club (unusually strong)
The blast of sand hits the hobgoblin.
You kill the hobgoblin!
Your Stealth skill increases to level 4!
b - 8 stones Robin hits you from afar with a spear of venom.
* * * LOW HITPOINT WARNING * * *
You are lethally poisoned!
Casting: Sandblast (safe; 1% risk of failure)
Confirm with . or Enter, or press ? or * to list all spells.
Aiming: Sandblast (safe; 1% risk of failure)
Press: ? - help, Shift-Dir - straight line, f - Robin
Aim: Robin, wielding a spear of venom, wearing an animal skin and wearing a helmet The blast of sand hits Robin.
Robin is heavily wounded.
b - 7 stones
* * * LOW HITPOINT WARNING * * *
You feel sick. Robin barely misses you.
Casting: Sandblast (safe; 1% risk of failure)
Confirm with . or Enter, or press ? or * to list all spells.
Aiming: Sandblast (safe; 1% risk of failure)
Press: ? - help, Shift-Dir - straight line, f/p - Robin
Aim: Robin, wielding a spear of venom, wearing an animal skin and wearing a helmet (heavily wounded)
The blast of sand hits Robin.
Robin is heavily wounded.
b - 6 stones
* * * LOW HITPOINT WARNING * * *
You feel sick.
Robin hits you from afar with a spear of venom!
You die...

....+ #.#######.##### #.. ....#
####.# #.........# #.. ......
#....# #.........# #.. #####!
#.#### #.........# #.. #.#
#.........# #.. #.. # #.#
#.........# #.. #.# #.#.####
#.........####.. #.##
###.#....#######........... .>.
.........g)@................
#.#########....##..####..........
#...# #....###.# #..........
....# #....# #.# #..........
....# #...g# #.# #.........#
....#######....###.# #.#####.#.#
................##.## #.# #.#.#
...############.##..# #.# #.#.#
............# #g.##.###.# #.#..


You could see Robin.

Vanquished Creatures
  Terence (D:2)
  An adder (D:2)
  2 oozes
  2 worms (D:2)
  2 dart slugs
  A leopard gecko (D:1)
  2 bats
  3 giant cockroaches
  4 hobgoblins
  4 kobolds
  2 quokkas (D:2)
  A frilled lizard (D:1)
  5 goblins
  3 rats
33 creatures vanquished.

Notes
Turn   | Place    | Note
-------+----------+-------------------------------------------
     0 | D:1      | Mgcat the Deep Elf Earth Elementalist began the quest for the Orb.
     0 | D:1      | Reached XP level 1. HP: 10/10 MP: 6/6
   422 | D:1      | Reached XP level 2. HP: 13/15 MP: 8/8
   552 | D:1      | Reached skill level 3 in Stealth
  1060 | D:2      | Reached XP level 3. HP: 15/19 MP: 7/10
  1155 | D:2      | Noticed Terence
  1176 | D:2      | Killed Terence
  1176 | D:2      | Reached skill level 4 in Spellcasting
  1176 | D:2      | Reached skill level 4 in Earth Magic
  1455 | D:2      | Learned a level 3 spell: Stone Arrow
  1636 | D:2      | Reached XP level 4. HP: 21/24 MP: 6/12
  1814 | D:2      | Noticed Robin
  1834 | D:2      | Reached skill level 4 in Stealth
  1834 | D:2      | HP: 5/24 [Robin/spear of venom (5)]
  1836 | D:2      | Slain by Robin

Vault maps used:
D:1:      saegor_arrival_simple_c, kennysheep_boxes
D:2:      marbit_many_paths, uniq_terence, uniq_robin

Skill      XL: |  1  2  3  4 |
---------------+-------------+-----
Stealth        | 3 4 |  4.0
Spellcasting   | 4 |  4.3
Earth Magic    | 4 |  4.2
Dodging        | |  2.4
Transmutations | |  1.1

Action                   |  1- 3 |  4- 6 || total
-------------------------+-------+-------++-------
Melee: Whip              |    36 |       ||    36
       Dagger            |    28 |     9 ||    37
       Short sword       |     2 |       ||     2
 Cast: Sandblast         |    25 |     5 ||    30
       Stone Arrow       |     1 |     5 ||     6
  Use: Scroll            |     4 |       ||     4
 Stab: Sleeping          |     3 |       ||     3
  Eat: Chunk             |     1 |     2 ||     3
Armor: Robe              |     6 |     1 ||     7
Dodge: Dodged            |    43 |    11 ||    54

Table legend:
 A = Spawn XP
 B = Non-spawn XP
 C = Spawn XP percentage of total XP
 D = Spawn monster count
 E = Non-spawn monster count
 F = Spawn count percentage of total count
 G = Total turns spent on level
                    A         B        C        D         E        F      G
               +---------+---------+-------+---------+---------+-------+---------
         Total |       0 |     120 |   0.0 |       0 |      33 |   0.0 |  1836
               +---------+---------+-------+---------+---------+-------+---------
           D:1 |       0 |      29 |   0.0 |       0 |      13 |   0.0 |  1048
           D:2 |       0 |      91 |   0.0 |       0 |      20 |   0.0 |   788
               +---------+---------+-------+---------+---------+-------+---------

Vault maps used:
D:1:      saegor_arrival_simple_c, kennysheep_boxes
D:2:      marbit_many_paths, uniq_terence, uniq_robin

Table legend:
 A = Turns spent in this place as a percentage of turns spent in the entire game.
 B = Non-inter-level travel turns spent in this place as a percentage of non-inter-level travel turns spent in the entire game.
 C = Inter-level travel turns spent in this place as a percentage of turns spent in this place.
 D = Turns resting spent in this place as a percentage of non-inter-level travel turns spent in this place.
 E = Turns spent auto-exploring this place as a percentage of non-inter-level travel turns spent in this place.
 F = Non-inter-level travel turns spent in this place divided by the number of levels of this place that you've seen.
                   A       B       C       D       E      F
               +-------+-------+-------+-------+-------+----------------------
         Total | 100.0 | 100.0 |   1.0 |   0.0 |  80.9 | 909.0
       Dungeon | 100.0 | 100.0 |   1.0 |   0.0 |  80.9 | 909.0
               +-------+-------+-------+-------+-------+----------------------

Table legend:
 A = Kills in this place as a percentage of kills in entire the game.
 B = Kills by you in this place as a percentage of kills by you in the entire game.
 C = Kills by friends in this place as a percentage of kills by friends in the entire game.
 D = Other kills in this place as a percentage of other kills in the entire game.
 E = Experience gained in this place as a percentage of experience gained in the entire game.
 F = Experience gained in this place divided by the number of levels of this place that you have seen.
                   A       B       C       D       E      F
               +-------+-------+-------+-------+-------+----------------------
         Total | 100.0 | 100.0 |   N/A |   N/A | 100.0 |  60.0
       Dungeon | 100.0 | 100.0 |   N/A |   N/A | 100.0 |  60.0
               +-------+-------+-------+-------+-------+----------------------
